 Dungeon Crawl Stone Soup version 0.24.1-8-ga250c9d538 (webtiles) character file.

Game seed: 8171528717058748425, levelgen mode: deterministic

262 Hugehornet the Changer (level 6, -2/38 HPs)
             Began as an Octopode Transmuter on May 1, 2020.
             Slain by a goblin
             ... wielding a +0 club
              (4 damage)
             ... on level 4 of the Dungeon.
             The game lasted 00:08:36 (4189 turns).

Hugehornet the Changer (Octopode Transmuter)        Turns: 4189, Time: 00:08:37

Health: -2/38      AC:  1    Str: 10    XL:     6   Next: 18%
Magic:  12/18      EV: 13    Int: 17    God:
Gold:   209        SH:  5    Dex: 12    Spells: 3/9 levels left

rFire    . . .     SeeInvis .     - Unarmed
rCold    . . .     Gourm    .   (no shield)
rNeg     . . .     Faith    .   (helmet restricted)
rPois    .         Spirit   .   l - +5 amulet of reflection
rElec    .         Reflect  +   g - ring of magical power
rCorr    .         Harm     .   (no ring)
MR       .....                  (no ring)
Stlth    ++........             (no ring)
HPRegen  0.12/turn              (no ring)
MPRegen  0.16/turn              (no ring)
                                (no ring)
                                (no ring)

@: lethally poisoned (-2 -> -12), appendage (expiring), very slightly
contaminated
A: almost no armour, stealthy swim, amphibious, 8 rings, constrict 8, tentacle
spike 3, camouflage 1, gelatinous body 1
a: End Transformation


You were on level 4 of the Dungeon.
You were hungry.
One of your tentacles had a temporary spike.
You visited 1 branch of the dungeon, and saw 4 of its levels.

You collected 209 gold pieces.

Inventory:

Missiles
 a - 33 arrows
Jewellery
 d - an uncursed amulet of faith
 g - a ring of magical power (left tentacle)
 l - a +5 amulet of reflection (around mantle)
Wands
 k - a wand of acid (7)
Scrolls
 b - 3 scrolls of magic mapping {unknown}
 e - a scroll of remove curse
 f - a scroll of immolation {unknown}
 j - a scroll of teleportation
Potions
 i - 3 potions of flight
Comestibles
 c - 7 rations
 h - a chunk of flesh


   Skills:
 - Level 1.0 Fighting
 - Level 2.0 Dodging
 * Level 4.3 Unarmed Combat
 - Level 2.0 Spellcasting
 - Level 5.0 Transmutations
 - Level 2.1 Poison Magic


You had 3 spell levels left.
You knew the following spells:

 Your Spells              Type           Power        Failure   Level  Hunger
a - Beastly Appendage     Tmut           ###...       2%          1    #......
b - Sticks to Snakes      Tmut           ###.....     3%          2    ###....
c - Spider Form           Tmut/Pois      ##........   13%         3    ###....

Your spell library contained the following spells:

 Spells                   Type           Power        Failure   Level  Hunger
 Ice Form                 Ice/Tmut       ##......     56%         4    #####..
 Blade Hands              Tmut           ###.......   56%         5    ######.


Dungeon Overview and Level Annotations

Branches:
Dungeon (4/15)
 Temple: D:4-7

Altars:
Gozag
Kikubaaqudgha
Nemelex Xobeh
Trog


Innate Abilities, Weirdness & Mutations

You cannot wear most types of armour.
You are very stealthy in the water. (Stealth+)
You are amphibious.
You can wear up to eight rings at the same time.
You can use your tentacles to constrict eight enemies at once.
Your skin changes colour to match your surroundings (Stealth+).
Your rubbery body absorbs attacks. (AC +1, EV +1)
One of your tentacles bears a large vicious spike.


Message History

You feel sick.
Casting: Sticks to Snakes (safe; 3% risk of failure)
Confirm with . or Enter, or press ? or * to list all spells.
You create a snake!
You now have 33 arrows.
You are feeling hungry.
* * * LOW HITPOINT WARNING * * *
You feel sick. Something stings your ball python!
Your ball python dies!
* * * LOW HITPOINT WARNING * * *
You feel sick. The hobgoblin hits you.
* * * LOW HITPOINT WARNING * * *
The scorpion stings your ball python.
Your ball python dies!
Unknown command.
* * * LOW HITPOINT WARNING * * *
You feel sick. You block the hobgoblin's attack.
Your transformation is almost over.
* * * LOW HITPOINT WARNING * * *
You feel sick. The goblin hits you with a +0 club.
You die...

#.###.#..#######..#.#
#.#
#......ggs.g....####
..#
#######.####s.......
..# 8.8.8.8.#
#....#### ..#
....g....###g#### ..#
.............s# ...
..# .........gg.#g#
#.# ..#
.........##.g.# #.#
..# .........###@##
#.# #.# 8.8.8.8.(#
#.# #.#
..############ #.#
#.# #.......# #.# #.#
........# #.# ##.##
........#
..##########...##
#........
#.##.........#..#
#########
#.##.###'###....#
#.##.# #.# #..#.#


You could see a scorpion, a hobgoblin and 3 goblins.

Vanquished Creatures
  A hound (D:4)
  A bullfrog skeleton (D:4)
  An orc wizard (D:3)
  4 adders
  An ooze (D:2)
  An adder skeleton (D:4)
  A worm (D:3)
  4 dart slugs
  4 leopard geckos
  5 orcs
  12 bats
  5 giant cockroaches
  10 goblins
  11 hobgoblins
  13 kobolds
  3 quokkas
  5 ball pythons
  6 frilled lizards
  A leopard gecko skeleton (D:4)
  5 rats
94 creatures vanquished.

Vanquished Creatures (collateral kills)
  3 gnolls (D:4)
3 creatures vanquished.

Grand Total: 97 creatures vanquished

Notes
Turn   | Place    | Note
-------+----------+-------------------------------------------
     0 | D:1      | Hugehornet the Octopode Transmuter began the quest for the
                  | Orb.
     0 | D:1      | Reached XP level 1. HP: 13/13 MP: 3/3
   280 | D:1      | Reached XP level 2. HP: 18/18 MP: 3/5
   457 | D:1      | Reached skill level 3 in Transmutations
   577 | D:1      | Reached XP level 3. HP: 5/23 MP: 4/6
  1066 | D:1      | Learned a level 2 spell: Sticks to Snakes
  1070 | D:1      | Learned a level 3 spell: Spider Form
  1729 | D:2      | Reached skill level 4 in Transmutations
  1895 | D:2      | Reached XP level 4. HP: 26/28 MP: 7/7
  1924 | D:2      | Reached skill level 1 in Poison Magic
  2807 | D:3      | HP: 1/28 [poisoned by kobold (curare-tipped dart)]
  3073 | D:3      | Reached XP level 5. HP: 24/33 MP: 8/8
  3434 | D:3      | Found a sparkling altar of Nemelex Xobeh.
  3434 | D:3      | Found an opulent altar of Gozag.
  3444 | D:3      | Reached skill level 5 in Transmutations
  3550 | D:3      | Found a bloodstained altar of Trog.
  3622 | D:4      | Found an ancient bone altar of Kikubaaqudgha.
  4003 | D:4      | Reached XP level 6. HP: 36/38 MP: 9/9
  4189 | D:4      | Slain by a goblin

Levels and vault maps discovered:
D:1:      giann_forest_graveyard, layout_basic, kennysheep_small_spiral
D:2:      layout_basic
D:3:      layout_loops_ring, grunt_temple_overflow_opulence,
          lemuel_coloured_pillars_altar
D:4:      kennysheep_the_goblin_king, layout_loops_ring, lemuel_doored_altar

Skill      XL: |  1  2  3  4  5 |
---------------+----------------+-----
Transmutations | 3 4 5 |  5.0
Poison Magic   | 2 |  2.1
Unarmed Combat | 4 |  4.3
Fighting       | |  1.0
Dodging        | |  2.0
Spellcasting   | |  2.0

Action                   |  1- 3 |  4- 6 || total
-------------------------+-------+-------++-------
Melee: Unarmed           |    96 |   134 ||   230
       Constrict         |    24 |    36 ||    60
       Kick              |    23 |    31 ||    54
       Tentacles         |     6 |    17 ||    23
       Punch             |     2 |     2 ||     4
 Cast: Beastly Appendage |    24 |    33 ||    57
       Sticks to Snakes  |       |     6 ||     6
  Use: Scroll            |     4 |       ||     4
       Potion            |       |     3 ||     3
 Stab: Sleeping          |     7 |     6 ||    13
  Eat: Chunk             |     2 |     6 ||     8
       Ration            |       |     1 ||     1
Armor: Skin              |     2 |    11 ||    13
Dodge: Dodged            |    58 |    94 ||   152
Block: Other             |       |     6 ||     6
